 Dungeon Crawl Stone Soup version 0.25-a0-566-g062765b (webtiles) character file.

Game seed: 12609988076654592981, levelgen mode: deterministic

9179 15 the Skirmisher (level 11, -3/85 HPs)
             Began as a Barachi Skald on Feb 23, 2020.
             Was a High Priest of Okawaru.
             Slain by a hippogriff (6 damage)
             ... on level 10 of the Dungeon on Feb 28, 2020.
             The game lasted 00:59:37 (12794 turns).

15 the Skirmisher (Barachi Skald)                  Turns: 12794, Time: 00:59:37

Health: -3/85      AC: 11    Str: 13    XL:     11   Next: 42%
Magic:  19/19      EV: 15    Int: 15    God:    Okawaru [*****.]
Gold:   631        SH:  0    Dex: 13    Spells: 2/20 levels left

rFire    . . .     SeeInvis +   e - +1 hand axe (vorpal)
rCold    . . .     Gourm    .   (no shield)
rNeg     . . .     Faith    .   k - +1 troll leather armour
rPois    +         Spirit   .   (no helmet)
rElec    .         Reflect  .   u - +2 cloak
rCorr    .         Harm     .   (no gloves)
MR       .....                  I - +1 pair of boots
Stlth    ++........             m - amulet of magic regeneration
HPRegen  0.64/turn              f - ring of see invisible
MPRegen  0.41/turn              j - ring of poison resistance

@: slow
A: +LOS, swims, thin skeletal structure 1, slowness 1, weak 1, strong legs 1
a: Hop, Heroism, Finesse, Renounce Religion


You were on level 10 of the Dungeon.
You worshipped Okawaru.
Okawaru was extremely pleased with you.
You were not hungry.

You visited 2 branches of the dungeon, and saw 12 of its levels.
You also visited: Ossuary.

You collected 911 gold pieces.
You spent 280 gold pieces at shops.

Inventory:

Hand Weapons
 a - a +0 whip of venom
 e - a +1 vorpal hand axe (weapon)
 w - a +1 falchion of holy wrath
 x - a +0 flail of protection
 z - a +0 war axe
 A - a +0 glaive of venom
 E - a +1 long sword of draining
Missiles
 L - 45 bolts
Armour
 k - a +1 troll leather armour (worn)
 u - a +2 cloak (worn)
 D - a +3 chain mail
 G - a +0 tower shield
 I - a +1 pair of boots (worn)
Magical Staves
 b - an uncursed staff of fire
Jewellery
 f - a ring of see invisible (left hand)
 h - a +1 ring of protection
 j - a ring of poison resistance (right hand)
 m - an amulet of magic regeneration (around neck)
 o - an uncursed ring of magical power
 t - an uncursed ring of resist corrosion
Wands
 i - a wand of random effects (9)
 F - a wand of polymorph (11)
Scrolls
 c - 5 scrolls of enchant weapon
 l - 5 scrolls of magic mapping
 n - 6 scrolls of teleportation
 y - 2 scrolls of blinking
 B - 2 scrolls of fog
 K - a scroll of immolation
Potions
 q - 2 potions of magic
 r - 2 potions of flight
 s - a potion of haste
Comestibles
 d - 25 rations


   Skills:
 * Level 7.7 Fighting
 + Level 7.6 Long Blades
 + Level 5.0 Maces & Flails
   Level 1.1 Crossbows
 * Level 6.0 Armour
 * Level 6.3 Dodging
 * Level 3.2 Shields
 + Level 1.3 Unarmed Combat
 * Level 5.4 Spellcasting
 + Level 2.2 Conjurations
 + Level 0.7 Hexes
 * Level 6.5 Charms
 * Level 5.0 Summonings
 + Level 2.6 Translocations
   Level 2.2 Transmutations
 * Level 5.8 Ice Magic
 * Level 4.1 Invocations
 * Level 4.2 Evocations


You had 2 spell levels left.
You knew the following spells:

 Your Spells              Type           Power        Failure   Level  Hunger
a - Infusion              Chrm           ###.         1%          1    None
b - Song of Slaying       Chrm           ###.....     1%          2    #......
c - Shroud of Golubria    Chrm/Tloc      ###...       4%          2    #......
d - Spectral Weapon       Hex/Chrm       ###.....     13%         3    ###....
e - Ozocubu's Armour      Chrm/Ice       ###.....     4%          3    ###....
f - Summon Ice Beast      Ice/Summ       ###.....     21%         4    ####...
g - Mephitic Cloud        Conj/Pois/Air  #.......     38%         3    ###....

Your spell library contained the following spells:

 Spells                   Type           Power        Failure   Level  Hunger
 Summon Small Mammal      Summ           ###.         2%          1    None
 Call Imp                 Summ           ###.....     3%          2    #......
 Magic Dart               Conj           ##..         8%          1    None
 Blink                    Tloc           N/A          10%         2    #......
 Animate Skeleton         Necr           N/A          19%         1    None
 Pain                     Necr           #...         19%         1    None
 Slow                     Hex            #.......     22%         2    #......
 Call Canine Familiar     Summ           ###.....     8%          3    ###....
 Summon Guardian Golem    Hex/Summ       ##......     17%         3    ###....
 Conjure Flame            Conj/Fire      #.......     36%         3    ###....
 Vampiric Draining        Necr           #.........   50%         3    ###....
 Summon Lightning Spire   Summ/Air       ##......     56%         4    ####...
 Animate Dead             Necr           N/A          88%         4    ####...
 Agony                    Necr           #.......     99%         5    ######.


Dungeon Overview and Level Annotations

Branches:
Dungeon (11/15)            Temple (1/1) D:7             Orc (0/2) D:9
Ossuary (visited)
   Lair: D:8-11

Altars:
Ashenzari
Cheibriados
Dithmenos
Elyvilon
Fedhas
Gozag
Hepliaklqana
Kikubaaqudgha
Makhleb
Nemelex Xobeh
Okawaru
Qazlal
Ru
Sif Muna
Trog
Uskayaw
Vehumet
Wu Jian
Xom
Yredelemnul
Zin
The Shining One

Shops:
D:5 (   D:8 %

Annotations:
D:7 Prince Ribbit
D:8 5 runed translucent doors, 2 transporters, Foxy's ghost, novice DrTm
D:9 exclusion: oklob plant


Innate Abilities, Weirdness & Mutations

You can be seen from farther away. (+LOS)
You can swim through water.
You cover ground slowly.
You can hop short distances.
You have a somewhat thin skeletal structure. (Dex +2, Stealth)
You are weak. (Str -2)


Message History

The hippogriff is lightly wounded.
You barely miss the vampire. You hit the yak. You hit the jackal.
The jackal barely misses you. The yak completely misses you.
The vampire casts a spell.
The vampire flickers and vanishes for a moment.
The hippogriff bites you.
* * * LOW HITPOINT WARNING * * *
The hippogriff pecks you.
* * * LOW HITPOINT WARNING * * *
The hippogriff closely misses you. The jackal closely misses you.
The yak gores you but does no damage.
You hit the hippogriff.
The hippogriff is moderately wounded.
You hit the vampire but do no damage. You hit the yak but do no damage.
You hit the jackal but do no damage. The jackal misses you.
The vampire closely misses you. The vampire bites you.
* * * LOW HITPOINT WARNING * * *
The vampire draws strength from your injuries!
The hippogriff bites you.
You die...

......# #....#.......# ......#
#....'.......# ......#
#.##.#.......#
############....########## ###
.........................######..
................................#
..................)...##........#
..###....#.....hH##...##(..###..#
..........÷....Y@V...............
#################################


You could see a hippogriff, a yak, a vampire (invisible) and a jackal.

Vanquished Creatures
  2 two-headed ogres
  2 trolls (D:10)
  A polar bear (D:10)
  3 hippogriffs
  6 yaks (D:10)
  A wraith (D:10)
  A shadow (D:10)
  4 hogs (D:8)
  A human (D:8)
  A basilisk (D:10)
  A water moccasin (D:6)
  5 orc warriors
  3 sky beasts
  Duvessa (D:7)
  6 ogres
  3 black bears
  A phantom (D:8)
  2 centaurs
  A crocodile (D:8)
  5 bullfrogs
  A wyvern zombie (D:8)
  2 wyvern skeletons
  5 scorpions
  Dowan (D:7)
  A water moccasin skeleton (D:10)
  9 killer bees (D:10)
  3 howler monkeys (D:10)
  2 crimson imps
  A bullfrog zombie (D:11)
  A jelly (D:9)
  4 hounds
  2 bullfrog skeletons
  2 orc priests
  A centaur skeleton (D:4)
  2 iguanas
  6 orc wizards
  Natasha (thrice) (D:2)
  9 worker ants
  A big kobold zombie (Ossuary)
  A killer bee zombie (D:6)
  8 mummies (Ossuary)
  A howler monkey zombie (D:6)
  A worker ant zombie (D:11)
  12 adders
  3 shadow imps
  2 oozes
  2 adder zombies (D:8)
  An adder skeleton (D:4)
  2 worms (D:4)
  2 dart slugs (D:2)
  5 leopard geckos
  38 orcs
  3 ball pythons
  5 bats
  6 giant cockroaches
  2 gnoll zombies (Ossuary)
  7 goblins
  7 hobgoblins
  8 jackals
  3 quokkas
  4 frilled lizards
  3 hobgoblin zombies (Ossuary)
  8 kobolds
  2 orc zombies (Ossuary)
  8 rats
250 creatures vanquished.

Vanquished Creatures (collateral kills)
  A necrophage (D:8)
1 creature vanquished.

Vanquished Creatures (others)
  An orc wizard (D:4)
  A plant (D:2)
2 creatures vanquished.

Grand Total: 253 creatures vanquished

Notes
Turn   | Place    | Note
-------+----------+-------------------------------------------
     0 | D:1      | 15 the Barachi Skald began the quest for the Orb.
     0 | D:1      | Reached XP level 1. HP: 17/17 MP: 3/3
   319 | D:1      | Reached XP level 2. HP: 19/23 MP: 0/5
   366 | D:1      | Learned a level 2 spell: Song of Slaying
   982 | D:2      | Learned a level 2 spell: Shroud of Golubria
  1055 | D:2      | Noticed Natasha
  1056 | D:2      | Reached skill level 1 in Crossbows
  1056 | D:2      | Reached skill level 1 in Unarmed Combat
  1056 | D:2      | Reached skill level 1 in Invocations
  1056 | D:2      | Reached skill level 1 in Evocations
  1056 | D:2      | Reached XP level 3. HP: 30/30 MP: 5/7
  1066 | D:2      | Killed Natasha
  1066 | D:2      | Reached XP level 4. HP: 20/37 MP: 0/8
  1349 | D:2      | Noticed Natasha
  1360 | D:2      | Killed Natasha
  1519 | D:2      | Found an iron altar of Okawaru.
  1533 | D:2      | Reached XP level 5. HP: 43/43 MP: 6/9
  1543 | D:2      | Became a worshipper of Warmaster Okawaru
  1649 | D:2      | Learned a level 3 spell: Spectral Weapon
  1664 | D:2      | Upgraded the game from 0.25-a0-547-g27a0b5d to
                  | 0.25-a0-566-g062765b
  1755 | D:2      | Noticed Natasha
  1772 | D:2      | Killed Natasha
  2225 | D:2      | Reached XP level 6. HP: 47/49 MP: 11/11
  3062 | D:4      | Learned a level 3 spell: Ozocubu's Armour
  3073 | D:4      | Reached skill level 5 in Long Blades
  3469 | D:4      | Reached skill level 5 in Fighting
  3469 | D:4      | Reached XP level 7. HP: 35/56 MP: 9/12
  4129 | D:5      | Entered Level 5 of the Dungeon
  4187 | D:5      | Reached * piety under Okawaru
  4480 | D:5      | Found an ancient bone altar of Kikubaaqudgha.
  4563 | D:5      | Reached skill level 5 in Charms
  4684 | D:5      | Found a shadowy altar of Dithmenos.
  4853 | D:5      | Reached XP level 8. HP: 63/63 MP: 13/13
  4891 | D:5      | Found Qauteg's Weapon Boutique.
  5123 | D:6      | Reached ** piety under Okawaru
  5509 | D:6      | Found a sand-covered staircase.
  5519 | Ossuary  | Entered an ossuary
  5562 | Ossuary  | Reached skill level 1 in Maces & Flails
  5972 | D:6      | Reached XP level 9. HP: 27/69 MP: 15/15
  6264 | D:6      | Reached *** piety under Okawaru
  6494 | D:7      | Learned a level 4 spell: Summon Ice Beast
  6539 | D:7      | Noticed Duvessa
  6549 | D:7      | Noticed Dowan
  6558 | D:7      | Killed Dowan
  6562 | D:7      | Killed Duvessa
  6867 | D:7      | Noticed Prince Ribbit
  7534 | D:7      | Found a staircase to the Ecumenical Temple.
  7552 | Temple   | Entered the Ecumenical Temple
  7919 | D:8      | Found the +9 staff of Olgreb {rPois∞}
  7956 | D:8      | Reached skill level 5 in Dodging
  8008 | D:8      | Found a runed translucent gate.
  8008 | D:8      | Found a runed translucent gate.
  8009 | D:8      | Found a runed translucent door.
  8009 | D:8      | Found a runed translucent gate.
  8032 | D:8      | Found a runed translucent door.
  8164 | D:8      | Found a transporter.
  8167 | D:8      | Noticed Foxy's ghost (novice DrTm)
  8232 | D:8      | Found a transporter.
  8310 | D:8      | Reached skill level 5 in Armour
  8319 | D:8      | Reached XP level 10. HP: 57/77 MP: 3/17
  8347 | D:8      | Reached **** piety under Okawaru
  8347 | D:8      | Received a gift from Okawaru
  8362 | D:8      | HP: 2/77 [hog (7)]
  8487 | D:8      | Found Dusyoqud's Food Emporium.
  8493 | D:8      | Bought a ration for 70 gold pieces
  8493 | D:8      | Bought a ration for 70 gold pieces
  8493 | D:8      | Bought a ration for 70 gold pieces
  8493 | D:8      | Bought a ration for 70 gold pieces
  9147 | D:8      | Found a bloodstained altar of Trog.
  9147 | D:8      | Found a radiant altar of Vehumet.
  9148 | D:8      | Found a snail-covered altar of Cheibriados.
  9149 | D:8      | Found a glowing silver altar of Zin.
  9150 | D:8      | Found a hazy altar of Hepliaklqana.
  9150 | D:8      | Found a white marble altar of Elyvilon.
  9468 | D:9      | Found a hide-covered altar of Uskayaw.
  9632 | D:9      | Found a staircase to the Orcish Mines.
  9648 | D:9      | Found a blossoming altar of Fedhas.
  9791 | D:9      | Found a shimmering blue altar of Sif Muna.
 10162 | D:9      | Noticed an oklob plant
 10225 | D:10     | Entered Level 10 of the Dungeon
 10253 | D:10     | Reached skill level 5 in Spellcasting
 10253 | D:10     | Reached skill level 5 in Ice Magic
 10380 | D:10     | Noticed a two-headed ogre
 10427 | D:10     | Killed a two-headed ogre
 10622 | D:10     | Gained mutation: Your magical capacity is low. (-10% MP)
                  | [potion of mutation]
 10622 | D:10     | Gained mutation: You are occasionally teleported next to
                  | monsters. [potion of mutation]
 10622 | D:10     | Gained mutation: Your system is resistant to poisons.
                  | (rPois) [potion of mutation]
 10623 | D:10     | Lost mutation: Your system is resistant to poisons. (rPois)
                  | [potion of mutation]
 10623 | D:10     | Lost mutation: Your magical capacity is low. (-10% MP)
                  | [potion of mutation]
 10623 | D:10     | Lost mutation: You are occasionally teleported next to
                  | monsters. [potion of mutation]
 10623 | D:10     | Gained mutation: Armour fits poorly on your strangely
                  | shaped body. [potion of mutation]
 10623 | D:10     | Gained mutation: You are partially covered in slimy green
                  | scales. (AC +2) [potion of mutation]
 10624 | D:10     | Lost mutation: Armour fits poorly on your strangely shaped
                  | body. [potion of mutation]
 10624 | D:10     | Lost mutation: You are partially covered in slimy green
                  | scales. (AC +2) [potion of mutation]
 10624 | D:10     | Gained mutation: You are weak. (Str -2) [potion of
                  | mutation]
 10624 | D:10     | Gained mutation: You have a somewhat thin skeletal
                  | structure. (Dex +2, Stealth) [potion of mutation]
 10850 | D:10     | Reached ***** piety under Okawaru
 10850 | D:10     | Reached XP level 11. HP: 53/84 MP: 18/18
 11301 | D:10     | Received a gift from Okawaru
 11601 | D:10     | Learned a level 3 spell: Mephitic Cloud
 11976 | D:11     | Noticed a two-headed ogre
 12014 | D:11     | Killed a two-headed ogre
 12065 | D:11     | Found a bloodstained altar of Trog.
 12171 | D:10     | Reached skill level 5 in Maces & Flails
 12283 | D:10     | HP: 4/84 [polar bear (5)]
 12284 | D:10     | Reached skill level 5 in Summonings
 12794 | D:10     | HP: 3/85 [vampire (4)]
 12794 | D:10     | Slain by a hippogriff

Levels and vault maps discovered:
D:1:      ebering_trefoil_twist, layout_basic
D:2:      cheibrodos_old_hovel, layout_basic, nicolae_overflow_crystal_walls,
          grunt_ministairs_10, uniq_natasha
D:3:      layout_rooms, serial_park_tiny_2
D:4:      wad_pebble_path, layout_loops_ring, first_ration, st_stairs_4
D:5:      corexii_shack_village, layout_basic,
          grunt_dithmenos_smoke_and_mirrors, lemuel_doored_altar,
          kennysheep_small_circle
D:6:      layout_loops_ring, chequers_ossuary_entry_cave,
          hangedman_decor_growths
D:7:      layout_loops_ring, temple_hall, uniq_prince_ribbit1, uniq_duvessa
D:8:      layout_basic, grunt_temple_overflow_open, serial_shops, shop,
          gammafunk_ghost_stat_death, grunt_livestock,
          chequers_decorated_corner, minmay_guarded_unrand_staff_of_olgreb
D:9:      layout_gridville, lemuel_crystal_altar, kennysheep_little_box,
          tgw_fedhas
D:10:     layout_stronghold
D:11:     layout_rooms, david_lair_generic, trog_ov_bears_minmay
Temple:   dpeg_chambers_temple

Skill      XL: |  1  2  3  4  5  6  7  8  9 10 11 |
---------------+----------------------------------+-----
Fighting       | 4 5 6 7 |  7.7
Long Blades    | 3 4 5 6 7 |  7.6
Crossbows      | 1 |  1.1
Armour         | 3 4 5 6 |  6.0
Dodging        | 3 4 5 6 |  6.3
Shields        | 2 3 |  3.2
Unarmed Combat | 1 |  1.3
Spellcasting   | 3 4 5 |  5.4
Conjurations   | 2 |  2.2
Charms         | 4 5 6 |  6.5
Summonings     | 2 3 4 5 |  5.0
Translocations | 2 |  2.6
Transmutations | 2 |  2.2
Ice Magic      | 2 3 4 5 |  5.8
Invocations    | 1 2 3 4 |  4.1
Evocations     | 1 2 3 4 |  4.2
Maces & Flails | 1 3 4 5 |  5.0
Hexes          | |  0.7

Action                   |  1- 3 |  4- 6 |  7- 9 | 10-12 || total
-------------------------+-------+-------+-------+-------++-------
Melee: Falchion          |    45 |   233 |   249 |   126 ||   653
       Flail             |       |       |   144 |   147 ||   291
       Whip              |       |       |    59 |    94 ||   153
       Punch             |       |       |     1 |    11 ||    12
       Long sword        |       |       |       |   122 ||   122
       Glaive            |       |       |       |     3 ||     3
       Hand axe          |       |       |       |     6 ||     6
 Cast: Infusion          |     4 |    15 |     6 |     3 ||    28
       Shroud of Golubri |     1 |     4 |     5 |     3 ||    13
       Spectral Weapon   |       |     1 |     5 |     2 ||     8
       Ozocubu's Armour  |       |       |     7 |     2 ||     9
       Song of Slaying   |       |       |     1 |     2 ||     3
       Summon Ice Beast  |       |       |       |     1 ||     1
       Mephitic Cloud    |       |       |       |     1 ||     1
Invok: Heroism           |       |       |     7 |    14 ||    21
       Finesse           |       |       |       |     1 ||     1
 Abil: Hop               |       |       |     3 |     3 ||     6
Evoke: Wand              |       |       |    16 |    12 ||    28
  Use: Scroll            |     7 |     5 |    13 |    12 ||    37
       Potion            |     1 |     3 |    12 |    11 ||    27
 Stab: Confused          |       |       |       |     2 ||     2
       Sleeping          |       |       |       |     1 ||     1
       Distracted        |       |       |       |     1 ||     1
  Eat: Chunk             |     1 |     9 |    15 |    12 ||    37
       Ration            |       |       |     1 |     2 ||     3
Armor: Leather armour    |    20 |    57 |    99 |    69 ||   245
       Skin              |       |       |   111 |    67 ||   178
       Troll leather arm |       |       |       |   185 ||   185
Dodge: Dodged            |    25 |   147 |   279 |   444 ||   895
       Rpst.: Falchion   |    10 |    43 |    49 |    31 ||   133
       Long sword        |       |       |       |    19 ||    19

Table legend:
 A = Non-vault XP
 B = Vault XP
 C = Vault XP percentage of total XP
 D = Non-vault monster count
 E = Vault monster count
 F = Vault count percentage of total count
                 A         B        C        D         E       F
            +---------+---------+-------+---------+---------+-------
      Total |   11063 |    2013 |  15.4 |     214 |      38 |  15.1
            +---------+---------+-------+---------+---------+-------
        D:1 |      18 |       0 |   0.0 |       9 |       0 |   0.0
        D:2 |     215 |      51 |  19.2 |      27 |       4 |  12.9
        D:3 |     102 |       0 |   0.0 |      19 |       0 |   0.0
        D:4 |     288 |       0 |   0.0 |      30 |       0 |   0.0
        D:5 |     499 |     142 |  22.2 |      10 |       9 |  47.4
        D:6 |    1313 |       0 |   0.0 |      27 |       0 |   0.0
        D:7 |     610 |     202 |  24.9 |      15 |       2 |  11.8
        D:8 |    1280 |     968 |  43.1 |      16 |       5 |  23.8
        D:9 |     340 |       0 |   0.0 |       6 |       0 |   0.0
       D:10 |    5149 |     472 |   8.4 |      45 |       2 |   4.3
       D:11 |    1249 |       0 |   0.0 |      10 |       0 |   0.0
    Ossuary |       0 |     178 | 100.0 |       0 |      16 | 100.0
            +---------+---------+-------+---------+---------+-------
